 Dungeon Crawl Stone Soup version 0.30.1-11-g7821555f0a (webtiles) character file.

Game seed: 2517240550436346520

28 RancidPinata the Sneak (level 3, -5/26 HPs)
             Began as an Octopode Delver on Jan 3, 2024.
             Slain by a gnoll
             ... wielding a +0 whip
             ... led by a gnoll sergeant
              (9 damage)
             ... on level 6 of the Dungeon.
             The game lasted 00:00:29 (12 turns).

RancidPinata the Sneak (Octopode Delver)              Turns: 12, Time: 00:00:30

Health: -5/26      AC:  1    Str: 13    XL:     3   Next: 12%
Magic:  3/3        EV: 13    Int: 12    God:
Gold:   0          SH:  0    Dex: 13    Spells: 2/2 levels left

rFire   . . .        a - +0 short sword
rCold   . . .        (no shield)
rNeg    . . .        (helmet restricted)
rPois   .            (no amulet)
rElec   .            (no ring)
rCorr   .            (no ring)
SInv    .            (no ring)
Will    .....        (no ring)
Stlth   ++++         (no ring)
HPRegen 0.24/turn    (no ring)
MPRegen 0.08/turn    (no ring)
                     (no ring)

%: no passive effects
@: no status effects
A: almost no armour, amphibious, 8 rings, camouflage 1, gelatinous body 1,
(nimble swimmer 1), tentacles
a: no special abilities


You were on level 6 of the Dungeon.
You visited 1 branch of the dungeon, and saw 2 of its levels.

Inventory:

Hand Weapons
 a - a +0 short sword (weapon)
Wands
 f - a wand of digging (3)
Scrolls
 b - a scroll of fog
 c - a scroll of magic mapping
 d - a scroll of fear
Potions
 e - a potion of haste


   Skills:
 + Level 3.3 Fighting
 + Level 2.4 Short Blades
 + Level 2.4 Dodging
 + Level 6.9 Stealth


You had 2 spell levels left.
You didn't know any spells.
Your spell library was empty.

Dungeon Overview and Level Annotations

Branches:
Dungeon (6/15)
 Temple: D:4-7

Altars:


Innate Abilities, Weirdness & Mutations

You cannot wear most types of armour.
You are amphibious.
You can wear up to eight rings at the same time.
Your skin changes colour to match your surroundings (Stealth+).
Your rubbery body absorbs attacks. (AC +1, EV +1)
((You are camouflaged when in or above water. (Stealth+)))
You have tentacles for arms and can constrict up to eight enemies at once.


Message History

Welcome, RancidPinata the Octopode Delver.
Below lies the Orb of Zot, rumoured to be powerful enough to resurrect a god...
Press ? for a list of commands and other information.
Found a stone staircase leading down.
You climb downwards.
There is a stone staircase leading up here.
A gnoll comes into view. It is wielding a +0 halberd.
Found a stone staircase leading up.
The helpless gnoll fails to defend itself.
You impale the gnoll!!
You kill the gnoll!
You have reached level 2!
Found a stone staircase leading down.
The helpless gnoll fails to defend itself.
You impale the gnoll!!
You kill the gnoll!
The helpless shadow imp fails to defend itself.
You impale the shadow imp!!
You kill the shadow imp!
The gnoll sergeant shouts!
The gnoll shouts! x2
The gnoll sergeant hits you from afar with a +3 heavy spear!
Ouch! That really hurt!
* * * LOW HITPOINT WARNING * * *
The gnoll shouts!
You have reached level 3!
Your experience leads to an increase in your attributes!
Increase (S)trength, (I)ntelligence, or (D)exterity?
You feel stronger. x2
The gnoll attacks as you move away! The gnoll closely misses you.
The gnoll attacks as you move away! The gnoll hits you with a +0 whip.
* * * LOW HITPOINT WARNING * * *
There is a stone staircase leading up here.
The gnoll hits you with a +0 whip!
You die...

##. ....
#########.<#
#..........
#.....g.# .#
#.......#..#
#...g).......
#..g....##.#>
#.@g....#
#...........
############


You could see a gnoll sergeant and 3 gnolls.

Vanquished Creatures
  2 gnolls (D:6)
  A shadow imp (D:6)
3 creatures vanquished.

Notes
Turn   | Place    | Note
-------+----------+-------------------------------------------
     0 | D:5      | RancidPinata the Octopode Delver began the quest for the
                  | Orb.
     0 | D:5      | Reached XP level 1. HP: 16/16 MP: 1/1
     1 | D:6      | Noticed a gnoll sergeant
     5 | D:6      | Reached XP level 2. HP: 21/21 MP: 2/2
     9 | D:6      | Reached XP level 3. HP: 8/26 MP: 3/3
    12 | D:6      | Slain by a gnoll

Illustrated notes

Levels and vault maps discovered:
D:5:      layout_basic, minmay_temple_entry_overgrown
D:6:      layout_loops_cross, gammafunk_ghost_arena

Action                     || total
---------------------------++-------
  Melee: Short sword       ||     3
   Stab: Sleeping          ||     3
  Dodge: Dodged            ||     1
